 Dungeon Crawl Stone Soup version 0.17-a0-1115-g0372368 (webtiles) character file.

43154 Hanyuu the Black Belt (level 14, -11/99 HPs)
             Began as an Octopode Transmuter on May 23, 2015.
             Was the Champion of Makhleb.
             Killed from afar by Erolcha (28 damage)
             ... with a wand of cold
             ... on level 1 of the Orcish Mines.
             The game lasted 01:39:51 (24796 turns).

Hanyuu the Black Belt (Octopode Transmuter)        Turns: 24796, Time: 01:39:51

Health: -11/99     AC:  2    Str:  9    XL:     14   Next: 23%
Magic:  23/25      EV: 31    Int: 19    God:    Makhleb [******]
Gold:   1296       SH:  0    Dex: 20    Spells: 6 memorised, 0 levels left

rFire  + + .     SeeInvis +       - Unarmed
rCold  x . .     Clarity  +     (shield currently unavailable)
rNeg   + . .     SustAt   .     (helmet currently unavailable)
rPois  .         Gourm    +     S - amulet of the gourmand
rElec  .         Spirit   .     j - ring of fire
rCorr  .         Warding  .     K - +3 ring of dexterity
rMut   .         Stasis   .     Q - ring of wizardry
MR     ++...                    m - ring of poison resistance
Stlth  ++........               u - ring of wizardry
                                D - ring of fire
                                B - ring of Life {rC+ rN+ MR+ Dex-2}
                                x - ring of see invisible

@: spider-form, very resistant to hostile enchantments, unstealthy
A: almost no armour, amphibious, 8 rings, (constrict 8), (tentacle spike 0),
(iridescent scales 0), (camouflage 0), blink 1, clarity, spit poison 1,
(gelatinous body 0), evolution 1
a: Spit Poison, End Transformation, Blink, Minor Destruction, Lesser Servant of
Makhleb, Major Destruction, Greater Servant of Makhleb, Renounce Religion


You were on level 1 of the Orcish Mines.
You worshipped Makhleb.
Makhleb was exalted by your worship.
You were very full.
You were a venomous arachnid creature.
You visited 4 branches of the dungeon, and saw 21 of its levels.

You collected 1385 gold pieces.
You spent 89 gold pieces at shops.

Inventory:

Hand weapons
 b - a +4 blowgun
Missiles
 n - 7 needles of confusion
 v - 88 poisoned needles
 y - 158 arrows
Magical staves
 z - an uncursed staff of wizardry
Jewellery
 j - a ring of fire (left front leg)
 m - a ring of poison resistance (on tentacle)
 u - a ring of wizardry (on tentacle)
 x - a ring of see invisible (on tentacle)
 B - the ring of Life (on tentacle) {rC+ rN+ MR+ Dex-2}
   (You acquired it on level 12 of the Dungeon)

   [ring of positive energy]

   It affects your dexterity (-2).
   It protects you from cold.
   It protects you from negative energy.
   It affects your resistance to hostile enchantments.
 D - a ring of fire (on tentacle)
 K - a +3 ring of dexterity (right front leg)
 Q - a ring of wizardry (on tentacle)
 S - an amulet of the gourmand (around neck)
Magical devices
 e - a wand of fireball (5)
 E - a wand of cold (1)
 M - a wand of disintegration (18)
 V - a wand of digging (14)
 Y - a wand of teleportation (1)
 Z - a wand of flame (16)
Scrolls
 f - 7 scrolls of remove curse
 l - 3 scrolls of teleportation
 o - 2 scrolls of amnesia
 w - a scroll of fear
 G - a scroll of recharging
 O - a scroll of magic mapping
 W - a scroll of blinking
 X - 3 scrolls of summoning
Potions
 g - 5 potions of resistance
 h - 7 potions of curing
 k - 3 potions of brilliance
 r - 2 potions of invisibility
 s - 2 potions of agility
 t - a potion of haste
 C - a potion of ambrosia {unknown}
 F - 2 potions of cure mutation
 H - a potion of berserk rage {unknown}
 L - 2 potions of lignification
 R - a potion of heal wounds
 T - 2 potions of magic
Books
 a - a book of Changes

   Spells                             Type                      Level
   a - Beastly Appendage              Transmutation                1
   b - Sticks to Snakes               Transmutation                2
   c - Spider Form                    Transmutation/Poison         3
   d - Ice Form                       Ice/Transmutation            4
   e - Blade Hands                    Transmutation                5
 d - a book of Maledictions

   Spells                             Type                      Level
   a - Corona                         Hexes                        1
   b - Ensorcelled Hibernation        Hexes/Ice                    2
   c - Confuse                        Hexes                        3
   d - Tukima's Dance                 Hexes                        3
   e - Dazzling Spray                 Conjuration/Hexes            3
 p - a book of Transfigurations

   Spells                             Type                      Level
   a - Stoneskin                      Transmutation/Earth          2
   b - Irradiate                      Conjuration/Transmutation    5
   c - Statue Form                    Transmutation/Earth          6
   d - Hydra Form                     Transmutation                6
   e - Dragon Form                    Transmutation                7
 q - a book of Conjurations

   Spells                             Type                      Level
   a - Magic Dart                     Conjuration                  1
   b - Searing Ray                    Conjuration                  2
   c - Dazzling Spray                 Conjuration/Hexes            3
   d - Fulminant Prism                Conjuration/Hexes            4
   e - Iskenderun's Mystic Blast      Conjuration                  4
   f - Iskenderun's Battlesphere      Conjuration/Charms           5
 N - a book of Dreams

   Spells                             Type                      Level
   a - Ensorcelled Hibernation        Hexes/Ice                    2
   b - Phase Shift                    Translocation                5
   c - Shadow Creatures               Summoning                    5
   d - Silence                        Hexes/Air                    5
   e - Mass Confusion                 Hexes                        6
   f - Darkness                       Hexes                        7
Comestibles
 c - 15 bread rations
 i - a royal jelly
 A - 10 meat rations
 I - 6 fruits
 J - a chunk of flesh
 P - 2 slices of pizza
 U - 7 beef jerkies


   Skills:
 - Level 10.0 Fighting
 - Level 2.0 Throwing
 + Level 10.0 Dodging
 * Level 15.9 Unarmed Combat
 - Level 7.3 Spellcasting
 + Level 8.4 Transmutations
 - Level 3.0 Invocations


You couldn't memorise any spells.
You knew the following spells:

 Your Spells              Type           Power        Failure   Level  Hunger
a - Dragon Form           Trmt           #####.....   90%         7    #######
b - Sticks to Snakes      Trmt           #####.....   1%          2    None
c - Spider Form           Trmt/Pois      ###.......   4%          3    #......
d - Ice Form              Ice/Trmt       #.......     11%         4    ###....
f - Blade Hands           Trmt           #####.....   8%          5    #####..
g - Hydra Form            Trmt           #####.....   28%         6    ######.


Dungeon Overview and Level Annotations

Branches:
Dungeon (12/15)            Temple (1/1) D:7            Lair (6/8) D:9
  Swamp (0/4) Lair:5       Spider (0/4) Lair:6          Orc (2/4) D:12
  Slime: Lair:6-8

Altars:
Ashenzari
Cheibriados
Dithmenos
Elyvilon
Fedhas
Gozag
Kikubaaqudgha
Makhleb
Nemelex Xobeh
Okawaru
Qazlal
Ru
Sif Muna
Trog
Vehumet
Xom
Yredelemnul
Zin
The Shining One

Shops:
D:5 *}(   D:6 (

Annotations:
Orc:1 Erolcha


Innate Abilities, Weirdness & Mutations

You cannot wear most types of armour.
You are amphibious.
You can wear up to eight rings at the same time.
((You can use your tentacles to constrict eight enemies at once.))
((Your skin changes colour to match your surroundings (Stealth).))
((Your rubbery body absorbs attacks (AC +1).))
((One of your tentacles bears a nasty spike.))
((You are partially covered in iridescent scales (AC +4).))
You can translocate small distances at will.
You possess an exceptional clarity of mind.
You can spit weak poison.
You evolve.


Message History

Erolcha is moderately wounded.
Erolcha zaps a wand.
The bolt of cold hits you!
You feel a terrible chill!
The bolt of cold hits the orc.
The orc dies!
The orc completely misses you. The orc misses you. The orc closely misses you.
The orc completely misses you. The orc priest completely misses you.
Erolcha zaps a wand.
The bolt of cold hits you!
You feel a terrible chill!
* * * LOW HITPOINT WARNING * * *
The bolt of cold hits the orc.
The orc dies!
The orc completely misses you. The orc barely misses you.
The orc barely misses you. The orc completely misses you.
The orc closely misses you. The orc hits you but does no damage.
The orc priest completely misses you.
You climb upwards.
There is a stone staircase leading down here.
Use which ability? (? or * to list)
You blink.
Erolcha zaps a wand.
The bolt of cold hits you!
You feel a terrible chill!
You die...

########### ###
#####.#...#.#.#### ##.## #
##.##...........#.###...# #
#.............s....#.#.## #
#...........)oO.........#
####..........o§o........##
#.#............oo..#......###
...................#........##
..#.................#........#
.###........................##
## #.......................##
#.......#............####


You could see Erolcha and 5 orcs.

Vanquished Creatures
  Harold (Lair:4)
  3 hydras
  5 death yaks (Lair:6)
  A queen ant (Lair:3)
  Nergalle (D:10)
  4 hill giants
  An unseen horror (D:12)
  An orb spider (Lair:6)
  A cyclops (D:11)
  3 ugly things
  A griffon (Lair:5)
  5 elephants (Lair:5)
  2 black mambas
  4 spiny frogs
  7 komodo dragons
  5 fire drakes
  A troll (D:11)
  19 blink frogs
  Grinder (D:5)
  3 slime creatures (D:12)
  A shadow (D:11)
  A deep elf mage (D:10)
  Sigmund (D:6)
  A wraith (D:11)
  Eustachio (D:4)
  5 hippogriffs
  2 hungry ghosts
  A wyvern (Lair:4)
  43 yaks
  2 basilisks
  11 soldier ants (Lair:3)
  11 water moccasins
  9 porcupines
  The ghost of Gorice the Conjurer, an average DEWn (D:4)
  5 ice beasts
  A phantom (D:6)
  2 sky beasts
  A black bear (D:5)
  3 ogres
  8 orc warriors
  24 centaurs
  10 crocodiles
  2 big kobolds
  16 giant frogs
  5 scorpions
  3 killer bees (D:11)
  2 spriggan skeletons (D:10)
  A giant frog zombie (D:8)
  6 centaur zombies
  4 crimson imps
  6 hounds
  Crazy Yiuf (D:3)
  4 giant frog skeletons
  7 orc priests
  A quasit (D:12)
  4 jellies
  2 centaur skeletons
  10 iguanas
  12 orc wizards
  21 worker ants
  4 sheep (Lair:1)
  A hound zombie (D:11)
  2 hound skeletons
  A worker ant zombie (D:7)
  28 river rats
  4 shadow imps
  9 adders
  3 white imps (Lair:6)
  2 oozes
  2 worms
  2 giant geckos
  49 orcs
  11 bats
  A bat skeleton (D:5)
  6 giant cockroaches
  13 goblins
  19 hobgoblins
  3 jackals (D:2)
  2 ball pythons
  8 giant newts
  28 kobolds
  3 quokkas
  A quokka skeleton (D:6)
  16 rats
  2 fungi (Lair:4)
  A plant (Lair:3)
541 creatures vanquished.

Vanquished Creatures (collateral kills)
  A river rat (Lair:5)
1 creature vanquished.

Vanquished Creatures (others)
  2 orcs (Orc:2)
  A bush (Lair:5)
3 creatures vanquished.

Grand Total: 545 creatures vanquished

Notes
Turn   | Place    | Note
--------------------------------------------------------------
     0 | D:1      | Hanyuu the Octopode Transmuter began the quest for the Orb.
     0 | D:1      | Reached XP level 1. HP: 13/13 MP: 3/3
   208 | D:1      | Reached XP level 2. HP: 6/18 MP: 5/5
   215 | D:1      | Learned a level 2 spell: Sticks to Snakes
   749 | D:2      | Reached XP level 3. HP: 18/24 MP: 4/6
   768 | D:2      | Learned a level 3 spell: Spider Form
  1113 | D:2      | Reached skill level 4 in Unarmed Combat
  1420 | D:2      | Found a sparkling altar of Nemelex Xobeh.
  1483 | D:2      | Reached XP level 4. HP: 20/29 MP: 5/7
  1964 | D:3      | Noticed Crazy Yiuf
  1969 | D:3      | Killed Crazy Yiuf
  2055 | D:3      | Reached skill level 5 in Unarmed Combat
  2055 | D:3      | Reached XP level 5. HP: 11/34 MP: 8/8
  2950 | D:3      | Found an iron altar of Okawaru.
  3251 | D:4      | Reached XP level 6. HP: 39/39 MP: 7/9
  3405 | D:4      | Noticed an orc warrior
  3430 | D:4      | Killed an orc warrior
  3580 | D:4      | Noticed Eustachio
  3596 | D:4      | Killed Eustachio
  3596 | D:4      | Reached skill level 6 in Unarmed Combat
  3596 | D:4      | Reached XP level 7. HP: 17/45 MP: 4/11
  3990 | D:4      | Noticed Gorice's ghost (average DEWn)
  4250 | D:4      | Killed Gorice's ghost
  4250 | D:4      | Reached skill level 1 in Throwing
  5079 | D:5      | Entered Level 5 of the Dungeon
  5140 | D:5      | Found a glowing golden altar of the Shining One.
  5199 | D:5      | Learned a level 4 spell: Ice Form
  5244 | D:5      | Reached skill level 7 in Unarmed Combat
  5244 | D:5      | Reached XP level 8. HP: 32/50 MP: 8/12
  5315 | D:5      | Found Ganieb's Assorted Antiques.
  5425 | D:5      | Noticed Grinder
  5443 | D:5      | Found Petunu's Gadget Shop.
  6068 | D:5      | Found Imocu Sud's Weapon Shop.
  6089 | D:5      | Killed Grinder
  6130 | D:5      | Reached skill level 8 in Unarmed Combat
  6410 | D:6      | Reached skill level 5 in Dodging
  6436 | D:6      | Reached XP level 9. HP: 54/54 MP: 10/13
  6554 | D:6      | Reached skill level 5 in Transmutations
  6629 | D:6      | Noticed Sigmund
  6946 | D:6      | Learned a level 1 spell: Corona
  7026 | D:6      | Reached skill level 9 in Unarmed Combat
  7133 | D:6      | Killed Sigmund
  7408 | D:6      | Found Ixkiny's Weapon Boutique.
  7412 | D:6      | Bought 7 poisoned needles for 39 gold pieces
  7412 | D:6      | Bought 9 poisoned needles for 50 gold pieces
  7604 | D:7      | Found a staircase to the Ecumenical Temple.
  7617 | D:7      | Found an opulent altar of Gozag.
  7631 | Temple   | Entered the Ecumenical Temple
  7641 | Temple   | Became a worshipper of Makhleb the Destroyer
  7944 | D:7      | Found a shimmering altar of Xom.
  8554 | D:8      | Acquired Makhleb's first power
  9140 | D:8      | Reached skill level 10 in Unarmed Combat
  9301 | D:8      | Found a snail-covered altar of Cheibriados.
  9466 | D:9      | Noticed a centaur zombie
  9486 | D:9      | Killed a centaur zombie
  9486 | D:9      | Reached skill level 1 in Invocations
  9486 | D:9      | Reached XP level 10. HP: 20/63 MP: 16/16
  9748 | D:9      | Acquired Makhleb's second power
  9976 | D:9      | Gained mutation: One of your tentacles bears a spike. [potion of beneficial mutation]
  9977 | D:9      | Gained mutation: You evolve. [potion of beneficial mutation]
 10423 | D:9      | Found a staircase to the Lair.
 11070 | D:9      | Gained mutation: You are partially covered in iridescent scales (AC +4). [evolution]
 11161 | D:10     | Entered Level 10 of the Dungeon
 11198 | D:10     | Found an iron altar of Okawaru.
 11260 | D:10     | Noticed a hill giant
 11278 | D:10     | Killed a hill giant
 11446 | D:10     | Reached skill level 11 in Unarmed Combat
 11614 | D:10     | Reached skill level 5 in Fighting
 11719 | D:10     | Noticed Nergalle
 11725 | D:10     | Gained mutation: You possess an exceptional clarity of mind. [evolution]
 11750 | D:10     | Killed Nergalle
 11750 | D:10     | Reached XP level 11. HP: 57/72 MP: 10/17
 12153 | D:10     | Found a runed door.
 12205 | D:10     | Learned a level 5 spell: Blade Hands
 13214 | D:11     | Noticed a hill giant
 13220 | D:11     | Acquired Makhleb's third power
 13232 | D:11     | Killed a hill giant
 13538 | D:11     | Noticed a hill giant
 13554 | D:11     | Killed a hill giant
 13554 | D:11     | Reached skill level 12 in Unarmed Combat
 13573 | D:11     | Noticed an eight-headed hydra
 13604 | D:11     | Killed an eight-headed hydra
 14141 | D:11     | Gained mutation: You can spit weak poison. [evolution]
 14310 | D:11     | Acquired Makhleb's fourth power
 14635 | Lair:1   | Entered Level 1 of the Lair of Beasts
 14796 | Lair:1   | Reached XP level 12. HP: 65/81 MP: 13/18
 16189 | Lair:2   | Reached skill level 13 in Unarmed Combat
 17140 | Lair:2   | Acquired Makhleb's fifth power
 18032 | Lair:3   | Gained mutation: You can translocate small distances at will. [evolution]
 18197 | Lair:3   | Noticed a queen ant
 18209 | Lair:3   | Killed a queen ant
 18209 | Lair:3   | Reached skill level 5 in Spellcasting
 18252 | Lair:3   | Reached skill level 14 in Unarmed Combat
 18448 | Lair:3   | Reached XP level 13. HP: 68/90 MP: 20/20
 19179 | Lair:4   | Learned a level 6 spell: Hydra Form
 19495 | Lair:4   | Noticed Harold
 19512 | Lair:4   | Killed Harold
 20077 | Lair:5   | Found a staircase to the Swamp.
 20443 | Lair:5   | Gained mutation: One of your tentacles bears a nasty spike. [evolution]
 20575 | Lair:5   | Reached skill level 15 in Unarmed Combat
 21089 | Lair:6   | Reached skill level 10 in Fighting
 21613 | Lair:6   | Found a hole to the Spider Nest.
 22302 | Lair:5   | Reached XP level 14. HP: 72/99 MP: 24/24
 22676 | Lair:5   | Learned a level 7 spell: Dragon Form
 23524 | D:12     | Reached skill level 10 in Dodging
 23540 | D:12     | Identified a scroll of acquirement
 23543 | D:12     | Got a fine granite ring
 23545 | D:12     | Identified the ring of Life {rC+ rN+ MR+ Dex-2} (You acquired it on level 12 of the Dungeon)
 24377 | D:12     | Found a staircase to the Orcish Mines.
 24406 | Orc:1    | Entered Level 1 of the Orcish Mines
 24685 | Orc:2    | Noticed Erolcha
 24796 | Orc:1    | Killed from afar by Erolcha

Vault maps used:
D:1:      dpeg_arrival_court, serial_bayou_lagoon_a
D:2:      first_bread, nemelex_lonely_heart_becter
D:3:      lemuel_doored_altar, uniq_crazy_yiuf_cottage
D:4:      uniq_eustachio
D:5:      black_bear_nest_1, tso_metal_star, serial_shops, shop,
          nicolae_shop_crystal, kennysheep_mini_moat, uniq_grinder
D:6:      serial_shops, nicolae_shop_trees, item_on_display_a, uniq_sigmund
D:7:      old_standard_altar, minmay_temple_entry_purple_smoke, xom_teletrap_fun
D:8:      lemuel_round_altar
D:9:      lair_0_dummy
D:10:     hangedman_tell_no_tales, okawaru_trees_1, uniq_nergalle
D:12:     david_orc_4
Temple:   nicolae_temple_no_exploring_needed
Lair:3:   minmay_another_anthill
Lair:4:   grunt_megastairs_2, uniq_harold
Lair:5:   swamp_mist, serial_bayou_shore_a
Lair:6:   nicolae_spider_entry_orb_guardian, bobbens_ice_dragon_lair
Orc:2:    uniq_erolcha

Action                   |  1- 3 |  4- 6 |  7- 9 | 10-12 | 13-15 || total
-------------------------+-------+-------+-------+-------+-------++-------
Melee: Unarmed           |    87 |   128 |   304 |   676 |   525 ||  1720
       Staff             |       |       |       |       |    15 ||    15
 Fire: Blowgun           |       |       |    52 |   112 |    62 ||   226
Throw: Javelin           |       |     1 |     4 |       |       ||     5
       Tomahawk          |       |       |       |     1 |       ||     1
 Cast: Beastly Appendage |     5 |     6 |     8 |     1 |       ||    20
       Spider Form       |       |     4 |    18 |    28 |    24 ||    74
       Corona            |       |       |       |     1 |       ||     1
       Sticks to Snakes  |       |       |       |     7 |    21 ||    28
       Ice Form          |       |       |       |     4 |       ||     4
       Blade Hands       |       |       |       |     3 |     1 ||     4
       Hydra Form        |       |       |       |       |     2 ||     2
 Abil: End Transformatio |       |       |       |     1 |       ||     1
       Blink             |       |       |       |       |     4 ||     4
Evoke: Wand              |       |       |       |     8 |     8 ||    16
  Use: Scroll            |       |     5 |     5 |    24 |     7 ||    41
       Potion            |       |     3 |     3 |     3 |     1 ||    10
 Stab: Sleeping          |     7 |     3 |    12 |    14 |    13 ||    49
       Distracted        |       |       |       |     1 |       ||     1
  Eat: Chunk             |     2 |     6 |    17 |    54 |    25 ||   104
       Meat ration       |       |       |     1 |       |       ||     1
       Beef jerky        |       |       |     1 |       |       ||     1
       Royal jelly       |       |       |     1 |       |       ||     1
       Fruit             |       |       |     1 |       |       ||     1
